 Dungeon Crawl Stone Soup version 0.30.1-1-g62c8e00024 (webtiles) character file.

Game seed: 14301153292757902612

51 Pepete the Magician (level 3, 0/14 HPs)
             Began as a Felid Fire Elementalist on July 15, 2023.
             Succumbed to an adder's poison
             ... on level 2 of the Dungeon.
             The game lasted 00:02:29 (3243 turns).

Pepete the Magician (Felid Fire Elementalist)       Turns: 3243, Time: 00:02:30

Health: 0/14       AC:  1    Str:  4    XL:     3   Next: 57%
Magic:  5/9        EV: 17    Int: 18    God:
Gold:   26         SH:  0    Dex: 16    Spells: 6/9 levels left
                                        Lives:  0   Deaths: 0

rFire   . . .        (weapon unavailable)
rCold   . . .        (shield unavailable)
rNeg    . . .        (body armour unavailable)
rPois   .            (helmet unavailable)
rElec   .            (cloak unavailable)
rCorr   .            (gloves unavailable)
SInv    +            (boots unavailable)
Will    .....        (no amulet)
Stlth   ++           (no ring)
HPRegen 0.22/turn    (no ring)
MPRegen 0.11/turn

%: no passive effects
@: lethally poisoned (0 -> -9), quick
A: very small, claws 1, fangs 3, see invisible, speed 1, shaggy fur 1, stealthy
paws, no weapons or thrown items, no armour, multi-lived
a: no special abilities


You were on level 2 of the Dungeon.
You visited 1 branch of the dungeon, and saw 2 of its levels.

You collected 26 gold pieces.

Inventory:

Scrolls
 b - a scroll of poison {unknown}
 c - a scroll of enchant armour {unknown}
 f - 2 scrolls of identify {unknown}
 g - a scroll of acquirement {unknown}
Potions
 a - a potion of magic
 d - 3 potions of resistance {unknown}
 e - 3 potions of heal wounds {unknown}
 h - a potion of curing {unknown}
 i - a potion of might {unknown}
 j - a potion of lignification {unknown}


   Skills:
 - Level 2.6 Dodging
 - Level 2.6 Stealth
 + Level 3.7 Spellcasting
 - Level 0.8 Conjurations
 - Level 2.6 Fire Magic


You had 6 spell levels left.
You knew the following spells:

 Your Spells              Type           Power      Damage    Failure   Level
a - Foxfire               Conj/Fire      36%        2x1d5     8%          1
b - Scorch                Fire           26%        2d6       8%          2

Your spell library contained the following spells:

 Spells                   Type           Power      Damage    Failure   Level
 Apportation              Tloc           6%         N/A       16%         1
 Summon Small Mammal      Summ           12%        N/A       16%         1
 Inner Flame              Hex/Fire       8%         N/A       26%         3
 Volatile Blastmotes      Fire/Tloc      16%        2d11      26%         3
 Call Canine Familiar     Summ           3%         N/A       41%         3
 Summon Guardian Golem    Hex/Summ       3%         N/A       41%         3
 Flame Wave               Conj/Fire      9%         2d6       58%         4
 Alistair's Intoxication  Tmut/Pois      2%         N/A       99%         5


Dungeon Overview and Level Annotations

Branches:
Dungeon (2/15)

Altars:


Innate Abilities, Weirdness & Mutations

You have sharp claws.
You have razor-sharp teeth.
You have supernaturally acute eyesight. (SInv)
You cover ground quickly. (Speed+)
You are covered in fur. (AC +1)
Your paws help you pounce on unaware monsters.
You are incapable of wielding weapons or throwing items.
You cannot wear armour.
You gain extra lives every three experience levels.


Message History

Okay, then.
Okay, then.
There is a stone staircase leading up here.
Casting: Scorch (safe; 8% risk of failure)
Confirm with . or Enter, or press ? or * to list all spells.
Flames lash the quokka.
You kill the quokka!
You hear an angry hiss.
Unknown command.
You climb upwards.
There is a stone staircase leading down here.
You start resting.
Magic restored.
You start waiting.
Done waiting.
You start waiting.
Done waiting.
You climb downwards.
The adder bites you.
You are poisoned.
The adder poisons you! The kobold misses you. The adder bites you.
You are lethally poisoned!
The adder poisons you!
There is a stone staircase leading up here.
Unknown command.
Casting: Scorch (safe; 8% risk of failure)
Confirm with . or Enter, or press ? or * to list all spells.
Flames lash the kobold.
You kill the kobold!
You feel very sick. The adder closely misses you.
Unknown command.
Casting: Scorch (safe; 8% risk of failure)
Confirm with . or Enter, or press ? or * to list all spells.
Flames lash the adder.
The adder is almost dead.
The adder's fire resistance burns away.
You feel sick. The adder bites you.
* * * LOW HITPOINT WARNING * * *
You are more poisoned.
The adder poisons you!
You die...

....##...#..#...###
#........#
#.####.####.##..#
#......[.# .......#
#K##..## #####........#
..######
#.#....###............#
...
#...##..#.............#
#.#.
##..###.....##........#
#.#..
#..#..>..####........#
#># .# #..S.).#.#
####.##### #.# ..
#.##.@...# #.# #.# ..
#.##.S..## #.#
...........#
##.####.##..# #..# #.#
..# #..# ..# S# . ....
.# .### .


You could see an adder (combustible) and a ball python.

Vanquished Creatures
  An adder (D:2)
  A worm (D:2)
  2 dart slugs (D:1)
  5 ball pythons (D:1)
  2 bats (D:2)
  2 endoplasms (D:1)
  3 giant cockroaches
  3 goblins (D:1)
  3 hobgoblins (D:1)
  3 quokkas
  2 frilled lizards
  A kobold (D:2)
  3 rats (D:1)
31 creatures vanquished.

Vanquished Creatures (others)
  141 foxfires
141 creatures vanquished.

Grand Total: 172 creatures vanquished

Notes
Turn   | Place    | Note
-------+----------+-------------------------------------------
     0 | D:1      | Pepete the Felid Fire Elementalist began the quest for the
                  | Orb.
     0 | D:1      | Reached XP level 1. HP: 7/7 MP: 4/4
     7 | D:1      | Found a faded altar of an unknown god.
   335 | D:1      | Reached XP level 2. HP: 11/11 MP: 3/6
   369 | D:1      | Learned a level 2 spell: Scorch
   654 | D:1      | Reached skill level 3 in Spellcasting
  1724 | D:1      | Reached XP level 3. HP: 14/14 MP: 0/8
  3243 | D:2      | Succumbed to an adder's poison

Illustrated notes

Levels and vault maps discovered:
D:1:      minmay_arrival_semitransparent, layout_basic,
          ebering_ecumenical_altar_sacrificial
D:2:      minmay_wonky_spiral, layout_rooms, minmay_liquid_box

Skill      XL: |  1  2 |
---------------+-------+-----
Spellcasting   | 3 |  3.7
Dodging        | |  2.6
Stealth        | |  2.6
Conjurations   | |  0.8
Fire Magic     | |  2.6

Action                     || total
---------------------------++-------
   Cast: Foxfire           ||    88
         Scorch            ||     8
  Dodge: Dodged            ||     3
